 Dungeon Crawl Stone Soup version 0.26-a0-597-gb535b0901c (webtiles) character file.

Game seed: 17346044914120454284

(classic levelgen) 76059 EnegeticOcto the Severer (level 15, -6/140 HPs)
             Began as a Deep Dwarf Fighter on Sept 2, 2020.
             Was the Champion of Makhleb.
             Mangled by a four-headed hydra (14 damage)
             ... called by a spriggan druid
             ... on level 4 of the Swamp.
             The game lasted 00:13:01 (12095 turns).

EnegeticOcto the Severer (Deep Dwarf Fighter)      Turns: 12095, Time: 00:13:02

Health: -6/140     AC: 27    Str: 27    XL:     15   Next: 11%
Magic:  4/4        EV:  8    Int: 20    God:    Makhleb [******]
Gold:   1319       SH:  9    Dex: 18    Spells: 14/14 levels left

rFire    + . .     SeeInvis .   a - +0 war axe (flame)
rCold    . . .     Faith    .   U - +1 buckler of Springtime {rPois rC- Int+9}
rNeg     + . .     Spirit   .   e - +3 plate armour
rPois    +         Reflect  .   i - +1 helmet
rElec    .         Harm     .   I - scarf {rC+ rF+}
rCorr    +                      z - +1 pair of gloves {Str+3}
MR       ++...                  A - +2 pair of boots
Stlth    ..........             (no amulet)
HPRegen  0.00/turn              R - ring of resist corrosion (curse)
MPRegen  0.09/turn              V - +6 ring of dexterity

@: mighty, lethally poisoned (-6 -> -6), flying, non-regenerating
A: damage resistance, heal wounds, negative energy resistance 1, sense
surroundings 2, no regeneration
a: Heal Wounds, Minor Destruction, Lesser Servant of Makhleb, Major Destruction,
Greater Servant of Makhleb, Renounce Religion


You were on level 4 of the Swamp.
You worshipped Makhleb.
Makhleb was exalted by your worship.
You visited 5 branches of the dungeon, and saw 24 of its levels.
You also visited: Bailey, Gauntlet and Ice Cave.

You collected 2025 gold pieces.
You spent 706 gold pieces at shops.

Inventory:

Hand Weapons
 a - a +0 war axe of flaming (weapon)
Armour
 c - a +0 kite shield
 e - a +3 plate armour (worn)
 i - a +1 helmet (worn)
 z - a +1 pair of gloves of strength (worn)
 A - a +2 pair of boots (worn)
 I - a scarf of resistance (worn)
 M - the +0 cloak "Cifrukk" {rN+ Int+3}
   (You found it on level 1 of the Swamp)

   It affects your intelligence (+3).
   It protects you from negative energy.
 U - the +1 buckler of Springtime (worn) {rPois rC- Int+9}
   (You found it on level 4 of the Lair of Beasts)

   It affects your intelligence (+9).
   It makes you vulnerable to cold.
   It protects you from poison.
Jewellery
 Q - the ring "Duapull" {MR++ Int+6 Dex-5 SInv}
   (You found it in a Gauntlet)

   [ring of see invisible]

   It affects your intelligence (+6).
   It affects your dexterity (-5).
   It affects your resistance to hostile enchantments.
   It lets you see invisible.
 R - a cursed ring of resist corrosion (left hand)
 V - a +6 ring of dexterity (right hand)
Wands
 k - a wand of polymorph (5)
 o - a wand of digging (7) {@v3}
 y - a wand of disintegration (28)
 D - a wand of iceblast (27) {@v2}
Scrolls
 g - 7 scrolls of remove curse {@r2}
 m - 6 scrolls of teleportation {@r3}
 q - 3 scrolls of fear
 r - 4 scrolls of enchant weapon
 u - 4 scrolls of fog
 E - 4 scrolls of immolation {@r4}
 F - 5 scrolls of blinking
 H - 4 scrolls of magic mapping {@r5}
 O - 2 scrolls of enchant armour
 S - a scroll of vulnerability
 T - a scroll of brand weapon
Potions
 b - 4 potions of mutation
 d - 4 potions of might {@q3}
 f - 3 potions of magic
 j - a potion of ambrosia {unknown}
 l - 4 potions of berserk rage
 p - 5 potions of curing {@q1}
 s - 3 potions of cancellation
 v - 2 potions of resistance {unknown}
 w - 4 potions of heal wounds {@q2}
 B - 5 potions of stabbing {@q5}
 C - 2 potions of degeneration {unknown}
 K - a potion of brilliance {unknown}
 L - 2 potions of lignification {unknown}
 N - a potion of haste {@q4}
 P - a potion of invisibility
Miscellaneous
 x - a lightning rod (4/4)
 G - a box of beasts (3/3)
 J - a tin of tremorstones (3/3)


   Skills:
 + Level 10.5 Fighting
 * Level 16.2 Axes
 + Level 12.2 Armour
 + Level 12.2 Shields
 + Level 12.9 Invocations
 + Level 9.3 Evocations


You had 14 spell levels left.
You didn't know any spells.
Your spell library was empty.

Dungeon Overview and Level Annotations

Branches:
Dungeon (13/15)            Temple (1/1) D:5            Lair (4/6) D:10
  Swamp (4/4) Lair:2        Snake (0/4) Lair:2          Orc (2/2) D:11
    Elf (0/3) Orc:2        Bailey (visited)           IceCv (visited)
Gauntlet (visited)
 Vaults: D:13-14

Altars:
Hepliaklqana
Kikubaaqudgha
Makhleb
Nemelex Xobeh
Qazlal
Ru
Sif Muna
Trog
Vehumet
Wu Jian
Xom
Yredelemnul
Zin
The Shining One
Beogh

Shops:
D:9 *   Orc:2 ??[!

Annotations:
Orc:1 2 transporters, Xanase's ghost, journeyman DDFi


Innate Abilities, Weirdness & Mutations

You are resistant to damage.
You can heal yourself by infusing magical energy.
You resist negative energy. (rN+)
You passively map the area around you.
You do not regenerate.


Message History

You kill the swamp worm!
Makhleb accepts your kill.
You feel better.
You slash the thorn hunter! You burn the thorn hunter.
Your plate armour prevents you from hitting the swamp dragon.
You barely miss the six-headed hydra. The swamp dragon bites you!
The swamp dragon claws you but does no damage.
The swamp dragon tramples you!
You are shoved backwards!
The hornet is engulfed in noxious fumes.
The hornet misses something.
The thorn hunter gestures. x2
You lop one of the six-headed hydra's heads off!
The flame cauterises the wound!
You slice the five-headed hydra!! You burn the five-headed hydra!
The five-headed hydra is heavily wounded.
You slice the swamp dragon!! You burn the swamp dragon!
The swamp dragon bites you but does no damage.
You block the swamp dragon's attack.
The swamp dragon tramples you but does no damage.
You block the five-headed hydra's attack.
The five-headed hydra bites you but does no damage.
The five-headed hydra bites you!!
The five-headed hydra barely misses you.
The five-headed hydra bites you but does no damage.
You slice one of the five-headed hydra's heads off!
The flame cauterises the wound!
You slash the four-headed hydra! You burn the four-headed hydra.
The four-headed hydra is heavily wounded.
You slash the swamp dragon! You burn the swamp dragon.
The swamp dragon bites you but does no damage.
The swamp dragon claws you! You block the swamp dragon's attack.
The four-headed hydra bites you but does no damage. x2
The four-headed hydra bites you!
* * * LOW HITPOINT WARNING * * *
The four-headed hydra bites you!!
* * * LOW HITPOINT WARNING * * *
Something stings the moth of wrath!!
The moth of wrath suddenly stops moving!
You hear a roar!
You are too injured to fight recklessly!
You are too injured to fight recklessly!
You are too injured to fight recklessly!
You are too injured to fight recklessly!
You are too injured to fight recklessly!
You are too injured to fight recklessly!
You are too injured to fight recklessly!
You are too injured to fight recklessly!
You are too injured to fight recklessly!
You are too injured to fight recklessly!
You are too injured to fight recklessly!
You are too injured to fight recklessly!
You are too injured to fight recklessly!
You are too injured to fight recklessly!
You are too injured to fight recklessly!
You are too injured to fight recklessly!
You are too injured to fight recklessly!
You are too injured to fight recklessly!
You are too injured to fight recklessly!
You are too injured to fight recklessly!
You are too injured to fight recklessly!
You are too injured to fight recklessly!
You are too injured to fight recklessly!
You are too injured to fight recklessly!
You are too injured to fight recklessly!
You are too injured to fight recklessly!
You are too injured to fight recklessly!
You are too injured to fight recklessly!
You are too injured to fight recklessly!
You are too injured to fight recklessly!
You are too injured to fight recklessly!
You are too injured to fight recklessly!
You are too injured to fight recklessly!
You are too injured to fight recklessly!
You are too injured to fight recklessly!
You are too injured to fight recklessly!
You are too injured to fight recklessly!
You are too injured to fight recklessly!
You feel much better.
The four-headed hydra barely misses you.
You block the four-headed hydra's attack.
The four-headed hydra bites you but does no damage. x3
The four-headed hydra bites you!!
* * * LOW HITPOINT WARNING * * *
The four-headed hydra bites you!
* * * LOW HITPOINT WARNING * * *
The four-headed hydra bites you but does no damage.
The swamp drake breathes noxious fumes at you.
The noxious blast engulfs the moth of wrath but does no damage.
Your magical essence is drained by the effort!
You feel much better.
The moth of wrath is no longer paralysed.
The thorn hunter fires a volley of thorns at you.
The volley of thorns hits you!!
* * * LOW HITPOINT WARNING * * *
The moth of wrath is engulfed in noxious fumes.
The moth of wrath appears confused.
The moth of wrath completely misses the thorn hunter.
The four-headed hydra bites you but does no damage. x2
You block the four-headed hydra's attack.
The four-headed hydra bites you!
You die...

, ≈.≈≈≈.≈.. ≈ ,
..≈≈≈≈.§.,, ,, ≈≈≈ ≈
≈ * )w.≈≈≈≈≈. ≈ ≈ *
♣♣♣♣≈..≈≈≈≈≈ ≈ ≈ ≈ *
♣≈♣♣≈.....≈ * * , ,
*♣♣♣♣♣..♣○†.♣♣♣ *, ,
≈ *♣....k○○.†≈.≈♣**
** ≈* ≈≈
♣♣..DDfyk≈†≈≈.♣, ≈,
≈≈≈.♣P...@♣[y≈≈≈§≈.§≈
≈ * ,
≈≈≈PP≈≈<§♣♣♣§≈.≈≈).≈
≈ * ≈§≈PP≈≈.♣♣
≈P♣♣....§ ≈,
≈..P≈≈≈†♣ ♣♣♣ ♣....
*♣♣♣♣♣≈..♣ .≈§≈ ≈
♣♣♣♣♣ ♣♣♣ , * *


You could see a thorn hunter, a four-headed hydra (berserk, strong), a swamp
dragon (berserk), a moth of wrath (strong, confused) and 2 swamp drakes.

Vanquished Creatures
  Kirke (Swamp:2)
  Donald (Swamp:3)
  Nessos (D:13)
  A blizzard demon (Gauntlet)
  13 hydras
  A shambling mangrove (Swamp:1)
  18 two-headed ogres
  4 ogre magi (Orc:2)
  A tengu warrior (Gauntlet)
  7 alligators
  Nergalle (Lair:2)
  A swamp dragon (shapeshifter) (D:11)
  2 spriggan druids (Swamp:4)
  9 swamp dragons
  5 orc knights
  2 orc sorcerers (Orc:2)
  An ugly thing (IceCv)
  2 cyclopes
  A manticore (D:10)
  A moth of wrath (Gauntlet)
  4 molten gargoyles (D:11)
  11 cane toads
  5 komodo dragons
  2 tengu conjurers (Gauntlet)
  6 trolls
  5 tyrant leeches
  3 hornets (Swamp:1)
  3 hippogriffs
  8 slime creatures
  2 bog bodies
  4 blink frogs (Lair:4)
  2 wraiths
  2 shadows
  3 wyverns
  4 hogs (Swamp:2)
  17 yaks
  A steam dragon (D:10)
  7 swamp worms
  4 vampire mosquitoes (Swamp:1)
  4 nagas (Lair:2)
  4 wargs
  Edmund (D:4)
  9 porcupines
  3 water moccasins
  3 phantoms
  2 sky beasts
  29 orc warriors
  4 swamp drakes
  16 ice beasts
  A black bear (D:9)
  An eye of draining (D:11)
  5 necrophages (Swamp:2)
  24 ogres
  6 wolves (Gauntlet)
  4 centaurs
  4 crocodiles
  A big kobold (D:11)
  2 gnoll sergeants
  7 bullfrogs
  6 scorpions
  A vampire bat (Orc:2)
  2 howler monkeys (D:10)
  4 wights (D:11)
  A lava snake (D:11)
  2 centaur zombies
  A bullfrog zombie (D:10)
  18 orc priests
  3 jellies (D:5)
  4 hounds
  Crazy Yiuf (D:2)
  2 bullfrog skeletons
  24 orc wizards
  A centaur skeleton (D:10)
  10 iguanas
  11 worker ants
  A hound zombie (D:10)
  A hound skeleton (D:5)
  Robin (D:3)
  9 adders
  9 gnolls
  A shadow imp (D:9)
  A white imp (D:8)
  2 oozes
  2 adder skeletons
  4 worms
  6 leopard geckos
  69 orcs
  A ball python (D:6)
  4 giant cockroaches
  9 goblins
  14 hobgoblins
  8 jackals
  8 quokkas
  9 bats
  2 frilled lizards
  20 kobolds
  2 leopard gecko skeletons
  2 rats
  A butterfly (Lair:4)
573 creatures vanquished.

Vanquished Creatures (collateral kills)
  A minotaur (Gauntlet)
  2 slime creatures (Swamp:1)
3 creatures vanquished.

Vanquished Creatures (others)
  2 humans (Swamp:2)
  2 swamp drakes (Swamp:4)
  A necrophage (Swamp:2)
  An adder (D:3)
  A white imp (Gauntlet)
  An orc (Orc:2)
  11 fungi
  13 plants
32 creatures vanquished.

Grand Total: 608 creatures vanquished

Notes
Turn   | Place    | Note
-------+----------+-------------------------------------------
     0 | D:1      | EnegeticOcto the Deep Dwarf Fighter began the quest for the
                  | Orb.
     0 | D:1      | Reached XP level 1. HP: 20/20 MP: 1/1
    81 | D:1      | Reached XP level 2. HP: 20/27 MP: 2/2
   581 | D:2      | Found a runed translucent door.
   582 | D:2      | Noticed Crazy Yiuf
   638 | D:2      | Killed Crazy Yiuf
   638 | D:2      | Reached skill level 3 in Axes
   638 | D:2      | Reached XP level 3. HP: 34/34 MP: 3/3
   741 | D:3      | Reached XP level 4. HP: 38/42 MP: 4/4
   774 | D:3      | Found a radiant altar of Vehumet.
   788 | D:3      | Noticed Robin
   813 | D:3      | Killed Robin
   813 | D:3      | Reached skill level 4 in Axes
   844 | D:3      | Reached XP level 5. HP: 36/49 MP: 5/5
   933 | D:4      | Noticed an ogre
   946 | D:4      | Killed an ogre
   970 | D:4      | Reached XP level 6. HP: 42/56 MP: 4/4
  1036 | D:4      | Reached skill level 5 in Axes
  1115 | D:4      | Noticed Edmund
  1176 | D:4      | Killed Edmund
  1491 | D:4      | Reached XP level 7. HP: 36/64 MP: 5/5
  1542 | D:4      | Reached skill level 5 in Shields
  1559 | D:4      | Reached skill level 5 in Armour
  1848 | D:5      | Entered Level 5 of the Dungeon
  1900 | D:5      | Found a shimmering altar of Xom.
  1950 | D:5      | Reached skill level 6 in Axes
  2223 | D:5      | Found a shimmering blue altar of Sif Muna.
  2305 | D:5      | Found a staircase to the Ecumenical Temple.
  2383 | Temple   | Entered the Ecumenical Temple
  2394 | Temple   | Became a worshipper of Makhleb the Destroyer
  2430 | D:5      | Got a crystal morningstar
  2431 | D:5      | Identified the +5 morningstar of Proximity {pain, Dex+3}
                  | (You found it on level 5 of the Dungeon)
  2579 | D:6      | Reached XP level 8. HP: 48/73 MP: 5/5
  2659 | D:6      | Reached skill level 7 in Axes
  2659 | D:6      | Reached skill level 1 in Invocations
  2895 | D:6      | Reached skill level 5 in Fighting
  2919 | D:6      | Reached * piety under Makhleb
  3011 | D:6      | Reached skill level 8 in Axes
  3481 | D:7      | Gained mutation: You passively map the area around you.
                  | [Deep Dwarf growth]
  3481 | D:7      | Reached XP level 9. HP: 41/81 MP: 8/8
  3539 | D:7      | Found a transporter.
  3542 | D:7      | Found a transporter.
  3639 | D:7      | Found a basalt altar of Yredelemnul.
  3666 | D:7      | Found a glowing golden altar of the Shining One.
  3668 | D:7      | Noticed an angel
  3919 | D:7      | Found a roughly hewn altar of Beogh.
  3970 | D:7      | Reached ** piety under Makhleb
  4015 | D:8      | Reached skill level 9 in Axes
  4197 | D:8      | Reached skill level 5 in Invocations
  4239 | D:8      | Found a sparkling altar of Nemelex Xobeh.
  4327 | D:8      | Noticed a two-headed ogre
  4341 | D:8      | Killed a two-headed ogre
  4491 | D:9      | Noticed a komodo dragon
  4499 | D:9      | Killed a komodo dragon
  4499 | D:9      | Reached XP level 10. HP: 61/91 MP: 10/10
  4640 | D:9      | Found Zin's Purification Station.
  4643 | D:9      | Found a glowing silver altar of Zin.
  4653 | D:9      | You fall into a shaft and drop 2 floors!
  4661 | D:11     | Noticed a two-headed ogre
  4681 | D:11     | Killed a two-headed ogre
  4681 | D:11     | Reached skill level 10 in Axes
  4718 | D:10     | Entered Level 10 of the Dungeon
  5068 | D:9      | You fall into a shaft and drop 3 floors!
  5076 | D:12     | Noticed a two-headed ogre
  5198 | D:9      | Reached *** piety under Makhleb
  5522 | D:10     | Found a hazy altar of Hepliaklqana.
  5556 | D:10     | Reached skill level 11 in Axes
  5754 | D:10     | Noticed a manticore
  5774 | D:10     | Killed a manticore
  5857 | D:10     | Found a staircase to the Lair.
  5980 | D:10     | Reached XP level 11. HP: 100/100 MP: 12/12
  6580 | D:11     | Reached **** piety under Makhleb
  6629 | D:11     | Noticed a swamp dragon
  6640 | D:11     | Killed a swamp dragon
  6661 | D:11     | Found a staircase to the Orcish Mines.
  6820 | D:11     | Reached skill level 12 in Axes
  6953 | D:12     | Noticed a two-headed ogre
  6963 | D:12     | Killed a two-headed ogre
  7013 | D:12     | Killed a two-headed ogre
  7035 | D:12     | Noticed a two-headed ogre
  7042 | D:12     | Killed a two-headed ogre
  7348 | D:12     | Noticed a two-headed ogre
  7356 | D:12     | Killed a two-headed ogre
  7445 | D:13     | Noticed Nessos
  7463 | D:13     | Killed Nessos
  7463 | D:13     | Reached XP level 12. HP: 76/111 MP: 7/9
  7521 | Orc:1    | Entered Level 1 of the Orcish Mines
  7563 | Orc:1    | Found a flagged portal.
  7576 | Bailey   | Entered a bailey
  7741 | Bailey   | Reached skill level 13 in Axes
  8037 | Orc:1    | Noticed a two-headed ogre
  8038 | Orc:1    | Noticed a two-headed ogre
  8039 | Orc:1    | Found a transporter.
  8039 | Orc:1    | Noticed Xanase's ghost (journeyman DDFi)
  8040 | Orc:1    | Identified the +8 great mace "Tepinne" {distort, +Blink rF+
                  | Dex+5}
  8040 | Orc:1    | Noticed an ettin
  8041 | Orc:1    | Noticed a two-headed ogre
  8056 | Orc:1    | Reached skill level 1 in Evocations
  8078 | Orc:1    | Found a transporter.
  8275 | Orc:2    | Entered Level 2 of the Orcish Mines
  8295 | Orc:2    | Reached ***** piety under Makhleb
  8340 | Orc:2    | Noticed a two-headed ogre
  8340 | Orc:2    | Noticed a two-headed ogre
  8342 | Orc:2    | Noticed a two-headed ogre
  8342 | Orc:2    | Noticed a two-headed ogre
  8343 | Orc:2    | Noticed a two-headed ogre
  8343 | Orc:2    | Noticed a two-headed ogre
  8349 | Orc:2    | Killed a two-headed ogre
  8349 | Orc:2    | Reached skill level 10 in Shields
  8352 | Orc:2    | Killed a two-headed ogre
  8352 | Orc:2    | Reached skill level 10 in Armour
  8352 | Orc:2    | Reached skill level 10 in Invocations
  8353 | Orc:2    | Killed a two-headed ogre
  8353 | Orc:2    | Killed a two-headed ogre
  8356 | Orc:2    | Killed a two-headed ogre
  8357 | Orc:2    | Noticed an ogre mage
  8359 | Orc:2    | Killed a two-headed ogre
  8360 | Orc:2    | Noticed a two-headed ogre
  8362 | Orc:2    | Noticed a two-headed ogre
  8367 | Orc:2    | Noticed a two-headed ogre
  8369 | Orc:2    | Killed a two-headed ogre
  8372 | Orc:2    | Killed an ogre mage
  8375 | Orc:2    | Killed a two-headed ogre
  8376 | Orc:2    | Killed a two-headed ogre
  8376 | Orc:2    | Reached XP level 13. HP: 91/121 MP: 10/10
  8378 | Orc:2    | Found Douz's Distillery.
  8378 | Orc:2    | Found Affeyh's Antique Armour Emporium.
  8379 | Orc:2    | Found Citywnac's Magic Scroll Emporium.
  8379 | Orc:2    | Found Zaid's Magic Scroll Boutique.
  8385 | Orc:2    | Reached skill level 14 in Axes
  8397 | Orc:2    | Reached skill level 5 in Evocations
  8418 | Orc:2    | Bought a scroll of magic mapping for 45 gold pieces
  8418 | Orc:2    | Bought a scroll of magic mapping for 45 gold pieces
  8419 | Orc:2    | Bought a scroll of blinking for 112 gold pieces
  8419 | Orc:2    | Bought a scroll of immolation for 52 gold pieces
  8419 | Orc:2    | Bought a scroll of immolation for 52 gold pieces
  8420 | Orc:2    | Bought a glowing scarf for 280 gold pieces
  8421 | Orc:2    | Bought a potion of might for 60 gold pieces
  8421 | Orc:2    | Bought a potion of might for 60 gold pieces
  8482 | Orc:2    | Found a staircase to the Elven Halls.
  8500 | Orc:2    | Found a frozen archway.
  8601 | IceCv    | Entered an ice cave
  8622 | IceCv    | Found a transporter.
  9139 | Lair:1   | Entered Level 1 of the Lair of Beasts
  9426 | Lair:2   | Found a staircase to the Swamp.
  9589 | Lair:2   | Reached ****** piety under Makhleb
  9623 | Lair:2   | Noticed Nergalle
  9642 | Lair:2   | Killed Nergalle
  9673 | Lair:2   | Found a staircase to the Snake Pit.
 10106 | Lair:3   | Found a burning altar of Makhleb.
 10147 | Lair:4   | Found a gate leading to a gauntlet.
 10153 | Gauntlet | Entered a Gauntlet
 10153 | Gauntlet | Found a transporter.
 10153 | Gauntlet | Found a transporter.
 10153 | Gauntlet | Noticed a death ooze
 10154 | Gauntlet | Found a transporter.
 10186 | Gauntlet | Found a transporter.
 10193 | Gauntlet | Found a transporter.
 10201 | Gauntlet | Found a transporter.
 10201 | Gauntlet | Found a transporter.
 10241 | Gauntlet | Noticed a blizzard demon
 10241 | Gauntlet | Found a transporter.
 10268 | Gauntlet | Killed a blizzard demon
 10272 | Gauntlet | Got an ancient jade ring
 10275 | Gauntlet | Identified the ring "Duapull" {MR++ Int+6 Dex-5 SInv} (You
                  | found it in a Gauntlet)
 10283 | Gauntlet | Found a transporter.
 10313 | Gauntlet | Noticed a minotaur
 10328 | Gauntlet | Killed a minotaur
 10328 | Gauntlet | Reached skill level 15 in Axes
 10623 | Lair:4   | Gained mutation: You resist negative energy. (rN+) [Deep
                  | Dwarf growth]
 10623 | Lair:4   | Reached XP level 14. HP: 112/130 MP: 10/10
 11052 | Lair:4   | Identified the +1 buckler of Springtime {rPois rC- Int+9}
                  | (You found it on level 4 of the Lair of Beasts)
 11141 | Swamp:1  | Entered Level 1 of the Swamp
 11216 | Swamp:1  | Found a transporter.
 11233 | Swamp:1  | Found a transporter.
 11240 | Swamp:1  | Found a transporter.
 11261 | Swamp:1  | Found a transporter.
 11267 | Swamp:1  | Reached skill level 10 in Fighting
 11271 | Swamp:1  | Found a transporter.
 11320 | Swamp:1  | Got a blackened cloak
 11331 | Swamp:1  | Identified the cursed +0 cloak "Cifrukk" {rN+ Int+3} (You
                  | found it on level 1 of the Swamp)
 11479 | Swamp:2  | Noticed Kirke
 11501 | Swamp:2  | Killed Kirke
 11793 | Swamp:3  | Noticed Donald
 11833 | Swamp:3  | Killed Donald
 11854 | Swamp:4  | Entered Level 4 of the Swamp
 12055 | Swamp:4  | Reached skill level 16 in Axes
 12060 | Swamp:4  | Noticed a thorn hunter
 12077 | Swamp:4  | Reached XP level 15. HP: 140/140 MP: 5/5
 12095 | Swamp:4  | Mangled by a four-headed hydra

Illustrated notes

Levels and vault maps discovered:
D:1:      wander_arrival_lonely_grave, layout_basic
D:2:      layout_basic, elyvilon_altar_4, uniq_crazy_yiuf_cottage
D:3:      layout_basic, overflow_temple_1_default, fiery_altar_vehumet,
          uniq_robin
D:4:      layout_basic, uniq_edmund
D:5:      layout_loops_cross, xom_butterflies, lemuel_blue_sif_altar,
          minmay_temple_entry_junction, minmay_checkerbox
D:6:      minmay_flawed_box, layout_loops_ring
D:7:      gammafunk_beogh_shrine, layout_rooms, grunt_temple_overflow_holy_war
D:8:      layout_basic, nemelex_xobeh_ov_fountains_minmay
D:9:      layout_basic, zin_purify, lemuel_flamethrower_hall
D:10:     layout_gridville, lair_entry_dummy, basic_altar, serial_bayou_pond_a
D:11:     layout_gridville, erik_orc_4, minivault_8
D:12:     layout_stronghold, serial_rivers, chequers_serial_rivers_micro_a,
          chequers_serial_rivers_marsh, chequers_serial_rivers_marsh,
          chequers_serial_rivers_small_b
D:13:     layout_roguey, uniq_snorg, uniq_nessos, uniq_azrael
Temple:   dshaligram_water_room_temple
Lair:1:   beast_lair_carwin_large_3, layout_big_grid, grunt_megastairs_4,
          infiniplex_staircase_pool_2
Lair:2:   layout_misc_corridors, swamp_mist, minmay_snake_entry_guardpost_small,
          beast_lair_carwin_9, uniq_nergalle
Lair:3:   layout_chaotic_city, basic_altar, beast_lair_carwin_11,
          minmay_lair_oklob_chamber
Lair:4:   layout_cave_pods, gauntlet_entry_generic,
          lightli_volcano_entry_magma_tube, beast_lair_carwin_3,
          lemuel_fruit_fields
Swamp:1:  gammafunk_the_bubble [the_bubble_gammafunk_roulette],
          layout_basic_swamp, serial_swamp_ruin, evilmike_swamp_ruin_house_5,
          hangedman_swamp_ruin_hall, swamp_pool2, ldierk_geyser
Swamp:2:  layout_falls_marsh, hangedman_swamp_pad, roderic_carrion_pond,
          uniq_kirke
Swamp:3:  layout_basic_swamp, nicolae_swamp_dense_foliage, swamp_pool1,
          uniq_donald
Swamp:4:  swamp_alternative, layout_basic_swamp,
          gammafunk_ghost_wrathful_warriors
Orc:1:    layout_diamond_mine, enter_bailey_1, gammafunk_ghost_smash,
          nicolae_orc_flooded_monolith
Orc:2:    st_orc_ogre_mass, layout_caves, portal_ice_cave_entry_ice_beasts,
          roderic_batcave

Skill      XL: |  1  2  3  4  5  6  7  8  9 10 11 12 13 14 |
---------------+-------------------------------------------+-----
Fighting       | 3 4 5 6 7 8 9 10 | 10.5
Axes           | 3 4 5 6 8 9 11 12 13 15 16 | 16.2
Shields        | 4 5 6 7 8 9 10 11 12 | 12.2
Armour         | 4 5 6 7 8 9 10 11 12 | 12.2
Invocations    | 3 5 7 9 10 11 12 | 12.9
Evocations     | 4 7 9 |  9.3

Action                   |  1- 3 |  4- 6 |  7- 9 | 10-12 | 13-15 || total
-------------------------+-------+-------+-------+-------+-------++-------
Melee: War axe           |    70 |   164 |   415 |   705 |   724 ||  2078
Invok: Lesser Servant of |       |       |       |     3 |     6 ||     9
 Abil: Heal Wounds       |     1 |     2 |     9 |    18 |    42 ||    72
       Evoke Flight      |       |       |       |     1 |       ||     1
Evoke: Wand              |       |       |       |     8 |       ||     8
       Tin of tremorston |       |       |       |       |     6 ||     6
       Lightning rod     |       |       |       |       |     3 ||     3
  Use: Scroll            |       |       |    10 |     8 |     9 ||    27
       Potion            |       |       |       |     1 |     2 ||     3
 Stab: Distracted        |       |       |       |     1 |     2 ||     3
       Confused          |       |       |       |       |     1 ||     1
Armor: Scale mail        |    12 |       |       |       |       ||    12
       Plate armour      |    37 |   103 |   291 |   403 |   651 ||  1485
       Skin              |       |     8 |       |       |       ||     8
Dodge: Dodged            |    10 |    23 |    57 |   198 |   227 ||   515
Block: Kite shield       |    43 |    69 |   245 |   493 |   322 ||  1172
       Buckler           |       |       |       |       |   155 ||   155

Table legend: (Time is in decaauts)
 A = Elapsed time spent in this place.
 B = Non-inter-level travel time spent in this place.
 C = Inter-level travel time spent in this place.
 D = Time resting spent in this place.
 E = Time spent auto-exploring this place.
 F = Levels seen in this place.
 G = Mean time per level.
                   A        B        C        D        E       F      G
               +--------+--------+--------+--------+--------+-----+--------+
         Total |  12122 |  11129 |    993 |    327 |   7156 |  27 |  449.0 |
       Dungeon |   7715 |   7110 |    605 |    202 |   4787 |  13 |  593.5 |
        Temple |     20 |     12 |      8 |      0 |      7 |   1 |   20.0 |
          Lair |   1766 |   1582 |    184 |      0 |   1217 |   4 |  441.5 |
         Swamp |    916 |    858 |     58 |    125 |    326 |   4 |  229.0 |
  Orcish Mines |   1258 |   1122 |    136 |      0 |    691 |   2 |  629.0 |
        Bailey |    240 |    240 |      0 |      0 |     69 |   1 |  240.0 |
      Ice Cave |     35 |     35 |      0 |      0 |     10 |   1 |   35.0 |
      Gauntlet |    168 |    168 |      0 |      0 |     48 |   1 |  168.0 |
               +--------+--------+--------+--------+--------+-----+--------+

Top non-repeatable levels by time:
    D:10: 964 daAuts
     D:4: 946 daAuts
     D:9: 837 daAuts
    D:11: 811 daAuts
     D:6: 802 daAuts
  Lair:4: 757 daAuts
     D:5: 723 daAuts
  Lair:2: 704 daAuts
   Orc:2: 673 daAuts
     D:7: 666 daAuts
   Orc:1: 585 daAuts
    D:12: 572 daAuts
     D:1: 491 daAuts
 Swamp:2: 387 daAuts
     D:8: 373 daAuts
